 Dungeon Crawl Stone Soup version 0.31.0-12-g77e489cdc1 (webtiles) character file.

Game seed: 8201031741647121914

253 Goblin1989 the Shield-Bearer (level 6, -4/53 HPs)
             Began as a Gnoll Fighter on Feb 18, 2024.
             Slain by an ogre
             ... wielding a +0 giant club
              (19 damage)
             ... on level 4 of the Dungeon.
             The game lasted 00:02:19 (1099 turns).

Goblin1989 the Shield-Bearer (Gnoll Fighter)        Turns: 1099, Time: 00:02:20

Health: -4/53      AC:  7    Str: 17    XL:     6   Next: 14%
Magic:  8/8        EV:  9    Int:  8    God:
Gold:   97         SH:  5    Dex: 11    Spells: 8/8 levels left

rFire   . . .        a - +0 flail
rCold   . . .        c - +0 buckler
rNeg    . . .        b - +0 scale mail
rPois   .            (no helmet)
rElec   .            (no cloak)
rCorr   .            (no gloves)
SInv    .            (no boots)
Will    .....        (no amulet) Stlth
                     (no ring)
HPRegen 0.28/turn    (no ring)
MPRegen 0.11/turn

%: no passive effects
@: no status effects
A: fangs 1, strong nose, distributed training
a: no special abilities


You were on level 4 of the Dungeon.
You visited 1 branch of the dungeon, and saw 3 of its levels.

You collected 97 gold pieces.

Inventory:

Hand Weapons
 a - a +0 flail (weapon)
Missiles
 e - 27 stones
 h - a poisoned dart (quivered)
 j - 2 javelins {@Q3}
Armour
 b - a +0 scale mail (worn)
 c - a +0 buckler (worn)
Scrolls
 f - a scroll of fear {unknown}
 g - 3 scrolls of identify {unknown}
 i - 2 scrolls of vulnerability {unknown}
 k - 2 scrolls of amnesia {unknown}
 l - a scroll of blinking {unknown}
Potions
 m - a potion of ambrosia {unknown}
 n - a potion of mutation {unknown}


   Skills:
 + Level 6.8 Fighting
 + Level 1.9 Short Blades
 + Level 1.9 Long Blades
 + Level 1.9 Axes
 + Level 4.9 Maces & Flails
 + Level 1.9 Polearms
 + Level 1.9 Staves
 + Level 1.9 Ranged Weapons
 + Level 1.9 Throwing
 + Level 6.8 Armour
 + Level 1.9 Dodging
 + Level 1.9 Stealth
 + Level 6.8 Shields
 + Level 1.9 Unarmed Combat
 + Level 1.9 Spellcasting
 + Level 1.5 Conjurations
 + Level 1.5 Hexes
 + Level 1.5 Summonings
 + Level 1.5 Necromancy
 + Level 1.5 Translocations
 + Level 1.5 Fire Magic
 + Level 1.5 Ice Magic
 + Level 1.5 Air Magic
 + Level 1.5 Earth Magic
 + Level 1.5 Alchemy
 + Level 2.1 Invocations
 + Level 1.9 Evocations
 + Level 1.7 Shapeshifting


You had 8 spell levels left.
You didn't know any spells.
Your spell library was empty.

Dungeon Overview and Level Annotations

Branches:
Dungeon (2/15) Zot: 16882

Altars:


Innate Abilities, Weirdness & Mutations

You have very sharp teeth.
Your uncanny sense of smell can sniff out nearby items.
Your experience applies equally to all skills.


Message History

An endoplasm comes into view.
The endoplasm quivers.
An endoplasm is nearby!
An ogre comes into view. It is wielding a +0 giant club.
The ogre shouts!
You hear a shout!
You thump the endoplasm!
You kill the endoplasm!
An orc comes into view. It is wielding a +0 club.
The orc shouts!
You hit the ogre.
The ogre is lightly wounded.
The ogre hits you with a +0 giant club!!
A dart slug comes into view.
You take 19 damage, and have 34/53 hp.
MASSIVE DAMAGE!!
You hit the ogre.
The ogre is moderately wounded.
The ogre hits you with a +0 giant club!!
Ouch! That really hurt!
* * * LOW HITPOINT WARNING * * *
You are too injured to fight recklessly!
You are too injured to fight recklessly!
You take 28 damage, and have 6/53 hp.
MASSIVE DAMAGE!!
You are too injured to fight recklessly!
You are too injured to fight recklessly!
You are too injured to fight recklessly!
You are too injured to fight recklessly!
You are too injured to fight recklessly!
You are too injured to fight recklessly!
You are too injured to fight recklessly!
You are too injured to fight recklessly!
You are too injured to fight recklessly!
You are too injured to fight recklessly!
You are too injured to fight recklessly!
You are too injured to fight recklessly!
You are too injured to fight recklessly!
You are too injured to fight recklessly!
You are too injured to fight recklessly!
You are too injured to fight recklessly!
You are too injured to fight recklessly!
You are too injured to fight recklessly!
You are too injured to fight recklessly!
You are too injured to fight recklessly!
Throw: 8 darts (poison)
Press: ? - help, Q - select action, (/) - cycle Shift-Dir - straight line, f - ogre
Aim: an ogre, wielding a +0 giant club (lightly wounded, 72% to hit)
You throw a poisoned dart. The poisoned dart hits the ogre.
The ogre is poisoned.
The ogre is lightly wounded.
The ogre attacks as it pursues you! The ogre closely misses you.
The ogre attacks as it pursues you! The ogre barely misses you.
Throw: 7 darts (poison)
Press: ? - help, Q - select action, (/) - cycle Shift-Dir - straight line, f/p - ogre
Aim: an ogre, wielding a +0 giant club (heavily wounded, poisoned, 72% to hit)
You throw a poisoned dart.
The poisoned dart closely misses the ogre.
The ogre looks more healthy.
The orc hits you but does no damage. The ogre attacks as it pursues you!
The ogre closely misses you. The orc attacks as it pursues you!
The orc hits you but does no damage.
Throw: 6 darts (poison)
Press: ? - help, Q - select action, (/) - cycle Shift-Dir - straight line, f/p - ogre
Aim: an ogre, wielding a +0 giant club (heavily wounded, 72% to hit)
You throw a poisoned dart. The poisoned dart hits the orc.
The orc is poisoned.
The orc hits you with a +0 club.
* * * LOW HITPOINT WARNING * * *
You take 1 damage, and have 10/53 hp.
Items here: )))) [[[ ††.
Throw: 5 darts (poison)
Press: ? - help, Q - select action, (/) - cycle Shift-Dir - straight line, f/p - ogre
Aim: an ogre, wielding a +0 giant club (heavily wounded, 72% to hit)
You throw a poisoned dart.
The poisoned dart barely misses the orc.
The poisoned dart hits the ogre.
The ogre is poisoned.
The ogre is heavily wounded.
The orc hits you but does no damage.
The orc looks more healthy.
The orc attacks as it pursues you! You block the orc's attack.
The orc closely misses you. The orc attacks as it pursues you!
The orc hits you but does no damage.
Throw: 4 darts (poison)
Press: ? - help, Q - select action, (/) - cycle Shift-Dir - straight line, f/p - ogre
Aim: an ogre, wielding a +0 giant club (severely wounded, poisoned, 72% to hit)
You throw a poisoned dart. The poisoned dart hits the orc.
The orc is poisoned.
The orc is moderately wounded.
The ogre looks more healthy.
Throw: 3 darts (poison)
Press: ? - help, Q - select action, (/) - cycle Shift-Dir - straight line, f/p - ogre
Aim: an ogre, wielding a +0 giant club (severely wounded, 72% to hit)
You throw a poisoned dart. The poisoned dart hits the ogre.
The ogre is severely wounded.
The orc looks more healthy.
Throw: 2 darts (poison)
Press: ? - help, Q - select action, (/) - cycle Shift-Dir - straight line, f/p - ogre
Aim: an ogre, wielding a +0 giant club (severely wounded, 72% to hit)
You throw a poisoned dart. The poisoned dart hits the ogre.
The ogre is poisoned.
The ogre is severely wounded.
The ogre attacks as it pursues you!
The ogre hits you with a +0 giant club!!
You die...

███ █.█
█████████████████.█
.......@O.o.(.(w..█


█████████████████w█ █.█ █.█ ███████)██████ .............. ███████(██████ █w█
████████.█ You could see an ogre (poisoned) and an orc.

Vanquished Creatures
  Grinder (D:4)
  An orc priest (D:4)
  3 orcs (D:4)
  4 endoplasms
  3 giant cockroaches (D:1)
  2 goblins (D:2)
  3 hobgoblins
  A quokka (D:1)
  2 ball pythons (D:1)
  A bat (D:2)
  A frilled lizard (D:2)
  3 kobolds
  7 rats (D:1)
32 creatures vanquished.

Notes
Turn   | Place    | Note
-------+----------+-------------------------------------------
     0 | D:1      | Goblin1989 the Gnoll Fighter began the quest for the Orb.
     0 | D:1      | Reached XP level 1. HP: 23/23 MP: 1/1
    81 | D:1      | Reached XP level 2. HP: 29/29 MP: 2/2
   860 | D:2      | You fall into a shaft and drop 2 floors!
   877 | D:4      | Reached XP level 3. HP: 35/35 MP: 3/3
   950 | D:4      | Noticed Grinder
   958 | D:4      | Killed Grinder
   959 | D:4      | Reached skill level 1 in Short Blades
   959 | D:4      | Reached skill level 1 in Long Blades
   959 | D:4      | Reached skill level 1 in Axes
   959 | D:4      | Reached skill level 1 in Polearms
   959 | D:4      | Reached skill level 1 in Staves
   959 | D:4      | Reached skill level 1 in Ranged Weapons
   959 | D:4      | Reached skill level 1 in Throwing
   959 | D:4      | Reached skill level 1 in Dodging
   959 | D:4      | Reached skill level 1 in Stealth
   959 | D:4      | Reached skill level 1 in Unarmed Combat
   959 | D:4      | Reached skill level 1 in Spellcasting
   959 | D:4      | Reached skill level 1 in Conjurations
   959 | D:4      | Reached skill level 1 in Hexes
   959 | D:4      | Reached skill level 1 in Summonings
   959 | D:4      | Reached skill level 1 in Necromancy
   959 | D:4      | Reached skill level 1 in Translocations
   959 | D:4      | Reached skill level 1 in Fire Magic
   959 | D:4      | Reached skill level 1 in Ice Magic
   959 | D:4      | Reached skill level 1 in Air Magic
   959 | D:4      | Reached skill level 1 in Earth Magic
   959 | D:4      | Reached skill level 1 in Alchemy
   959 | D:4      | Reached skill level 1 in Evocations
   959 | D:4      | Reached skill level 1 in Shapeshifting
   959 | D:4      | Reached XP level 4. HP: 31/41 MP: 3/6
   959 | D:4      | Reached XP level 5. HP: 36/47 MP: 3/7
  1040 | D:4      | Reached XP level 6. HP: 53/53 MP: 8/8
  1099 | D:4      | Slain by an ogre

Illustrated notes

Levels and vault maps discovered:
D:1:      dpeg_arrival_prison, layout_basic
D:2:      layout_loops_corners, kennysheep_path_1, supply_closet_lemuel
D:4:      layout_basic, grunt_decor_clamped, uniq_grinder

Skill      XL: |  1  2  3 |
---------------+----------+-----
Short Blades   | 1 |  1.9
Long Blades    | 1 |  1.9
Axes           | 1 |  1.9
Polearms       | 1 |  1.9
Staves         | 1 |  1.9
Ranged Weapons | 1 |  1.9
Throwing       | 1 |  1.9
Dodging        | 1 |  1.9
Stealth        | 1 |  1.9
Unarmed Combat | 1 |  1.9
Spellcasting   | 1 |  1.9
Conjurations   | 1 |  1.5
Hexes          | 1 |  1.5
Summonings     | 1 |  1.5
Necromancy     | 1 |  1.5
Translocations | 1 |  1.5
Fire Magic     | 1 |  1.5
Ice Magic      | 1 |  1.5
Air Magic      | 1 |  1.5
Earth Magic    | 1 |  1.5
Alchemy        | 1 |  1.5
Invocations    | 2 |  2.1
Evocations     | 1 |  1.9
Shapeshifting  | 1 |  1.7
Fighting       | |  6.8
Maces & Flails | |  4.9
Armour         | |  6.8
Shields        | |  6.8

Action                     |  1- 3 |  4- 6 || total
---------------------------+-------+-------++-------
  Melee: Flail             |    80 |    11 ||    91
         Bite              |     4 |     1 ||     5
  Throw: Dart              |       |     7 ||     7
    Use: Potion            |     1 |       ||     1
 Armour: Scale mail        |    42 |     9 ||    51
  Dodge: Dodged            |    40 |     6 ||    46
  Block: Buckler           |    25 |     2 ||    27
